 Dungeon Crawl Stone Soup version 0.20.1-2-g1830e616b0 (webtiles) character file.

434 Alfie the Chopper (level 7, -2/61 HPs)
             Began as a Hill Orc Fighter on Dec 19, 2019.
             Slain by Natasha (4 damage)
             ... on level 3 of the Dungeon.
             The game lasted 00:13:55 (2469 turns).

Alfie the Chopper (Hill Orc Fighter)                Turns: 2469, Time: 00:13:55

Health: -2/61      AC:  9    Str: 21    XL:     7   Next: 0%
Magic:  7/7        EV:  8    Int:  8    God:
Gold:   139        SH:  9    Dex:  8    Spells: 6/6 levels left

rFire    . . .     SeeInvis .   a - +0 war axe
rCold    . . .     Gourm    .   c - +0 shield
rNeg     . . .     Faith    .   b - +0 scale mail
rPois    .         Spirit   .   v - +1 helmet
rElec    .         Reflect  .   (no cloak)
rCorr    .         Harm     .   (no gloves)
MR       .....                  (no boots)
Stlth    ..........             (no amulet)
Regen    0.2/turn               (no ring)
MPRegen  0.1/turn               (no ring)

@: no status effects
A: clumsy 1
a: no special abilities


You were on level 3 of the Dungeon.
You were full.

You visited 1 branch of the dungeon, and saw 4 of its levels.

You collected 139 gold pieces.

Inventory:

Hand Weapons
 a - a +0 war axe (weapon)
 g - a +0 dagger of speed
Missiles
 e - 21 poisoned needles
 q - 4 tomahawks (quivered)
Armour
 b - a +0 scale mail (worn)
 c - a +0 shield (worn)
 v - a +1 helmet (worn)
Jewellery
 j - an uncursed ring of flight
 m - an uncursed amulet of the gourmand {unknown}
 r - a +2 ring of dexterity {unknown}
Scrolls
 f - a scroll of identify
 n - a scroll of remove curse
 o - 2 scrolls of amnesia {unknown}
Potions
 d - 2 potions of might
 l - a potion of magic
 s - 3 potions of brilliance
Comestibles
 i - 3 royal jellies
 p - a bread ration
 u - a chunk of flesh


   Skills:
 + Level 5.0 Fighting
 + Level 6.2 Axes
 + Level 5.0 Armour
 + Level 1.1 Dodging
 + Level 4.1 Shields


You had 6 spell levels left.
You didn't know any spells.

Dungeon Overview and Level Annotations

Branches:
Dungeon (4/15)             Temple (0/1) D:4

Altars:

Annotations:
D:3 Natasha


Innate Abilities, Weirdness & Mutations

You are clumsy. (Dex -2)


Message History

Natasha casts a spell at you. You resist with some effort.
Natasha mumbles some strange words.
Natasha claws you.
* * * LOW HITPOINT WARNING * * *
You block Natasha's attack. Natasha claws you but does no damage.
You block the crimson imp's attack. You block Natasha's attack.
The crimson imp hits you.
* * * LOW HITPOINT WARNING * * *
Natasha closely misses you. The crimson imp barely misses you.
You block Natasha's attack. You block the crimson imp's attack.
You block Natasha's attack. The crimson imp misses you.
The crimson imp blinks!
You hit Natasha.
Natasha is moderately wounded.
You block Natasha's attack.
You closely miss Natasha.
Natasha is moderately wounded.
You block Natasha's attack. Natasha claws you.
You die...

.........####...#.######.#####...
......)...........######.........
.................###.......######
....)....#........##[............
.......).#.........#.............
.........#.......................
!........#..>....#.#.............
################h#...............
#........# #@###.#..#.....w..
#........# #.# #....##.......
#........#####.###w...##.......
#..............#.h5#.........).
###........####..#.###.......##>.
.....[.....# #....##..##...#...#
.#######..## #.#.....####....##.
.########.#####....##..........).
..................#######........


You could see Natasha.

Vanquished Creatures
  The ghost of Alfie the Shield-Bearer, an amateur HOFi (D:3)
  An orc wizard (D:3)
  2 orc priests (D:3)
  Jessica (D:3)
  Natasha (twice) (D:3)
  Robin (D:3)
  6 adders
  A gnoll (D:2)
  A river rat (D:3)
  4 worms
  A leopard gecko (D:2)
  6 orcs
  5 ball pythons
  3 bats (D:1)
  9 giant cockroaches
  11 hobgoblins
  7 jackals (D:3)
  A quokka (D:3)
  3 frilled lizards
  11 goblins
  9 kobolds
  A leopard gecko skeleton (D:3)
  8 rats
95 creatures vanquished.

Vanquished Creatures (others)
  4 toadstools (D:1)
4 creatures vanquished.

Grand Total: 99 creatures vanquished

Notes
Turn   | Place    | Note
-------+----------+-------------------------------------------
     0 | D:1      | Alfie the Hill Orc Fighter began the quest for the Orb.
     0 | D:1      | Reached XP level 1. HP: 19/19 MP: 1/1
   299 | D:1      | Reached XP level 2. HP: 27/27 MP: 2/2
   522 | D:1      | Reached skill level 3 in Axes
   616 | D:2      | Reached XP level 3. HP: 31/33 MP: 3/3
   861 | D:2      | Reached XP level 4. HP: 34/40 MP: 4/4
  1021 | D:2      | Reached skill level 4 in Axes
  1492 | D:3      | Reached XP level 5. HP: 27/47 MP: 5/5
  1571 | D:3      | Noticed Alfie's ghost (amateur HOFi)
  1620 | D:3      | Noticed Jessica
  1622 | D:3      | Killed Alfie's ghost
  1622 | D:3      | Reached skill level 5 in Axes
  1629 | D:3      | Gained mutation: You are clumsy. (Dex -2) [potion of mutation]
  1629 | D:3      | Gained mutation: You are dopey. (Int -2) [potion of mutation]
  1629 | D:3      | Lost mutation: You are dopey. (Int -2) [potion of mutation]
  1676 | D:3      | Killed Jessica
  1676 | D:3      | Reached XP level 6. HP: 26/53 MP: 6/6
  1764 | D:3      | Noticed Robin
  1863 | D:3      | Reached skill level 5 in Fighting
  2052 | D:3      | Found a glowing drain.
  2249 | D:3      | Noticed Natasha
  2267 | D:3      | Killed Natasha
  2267 | D:3      | Reached skill level 6 in Axes
  2318 | D:3      | Killed Robin
  2318 | D:3      | Reached skill level 1 in Dodging
  2346 | D:3      | Noticed Natasha
  2352 | D:4      | Found a staircase to the Ecumenical Temple.
  2361 | D:3      | Reached skill level 5 in Armour
  2432 | D:3      | HP: 2/56 [Natasha/magic dart (4)]
  2436 | D:3      | Killed Natasha
  2438 | D:3      | HP: 2/56 [worm (1)]
  2440 | D:3      | Reached XP level 7. HP: 3/61 MP: 7/7
  2453 | D:3      | Noticed Natasha
  2460 | D:3      | HP: 2/61 [Natasha (5)]
  2469 | D:3      | Slain by Natasha

Skill      XL: |  1  2  3  4  5  6 |
---------------+-------------------+-----
Axes           | 3 4 5 6 |  6.2
Fighting       | 4 5 |  5.0
Armour         | 4 5 |  5.0
Shields        | 4 |  4.1
Dodging        | 1 |  1.1

Action                   |  1- 3 |  4- 6 |  7- 9 || total
-------------------------+-------+-------+-------++-------
Melee: War axe           |   104 |   292 |     2 ||   398
Throw: Tomahawk          |       |     1 |       ||     1
  Use: Scroll            |     4 |     5 |       ||     9
       Potion            |     1 |     6 |       ||     7
  Eat: Bread ration      |       |     1 |       ||     1
       Meat ration       |       |     1 |       ||     1
       Chunk             |       |     1 |       ||     1
Armor: Scale mail        |    52 |   112 |     1 ||   165
Dodge: Dodged            |    37 |    70 |     3 ||   110
Block: Shield            |    40 |   143 |     8 ||   191
